 Dungeon Crawl Stone Soup version 0.28.0-47-ge53b351184 (webtiles) character file.

Game seed: 16887644093146186205

172 Bruhh the Changer (level 5, 0/55 HPs)
             Began as a Merfolk Transmuter on Apr 27, 2022.
             Succumbed to an adder's poison
             ... on level 5 of the Dungeon.
             The game lasted 00:09:52 (4337 turns).

Bruhh the Changer (Merfolk Transmuter)              Turns: 4337, Time: 00:09:52

Health: 0/55       AC: 22    Str: 10    XL:     5   Next: 53%
Magic:  0/8        EV:  2    Int: 15    God:
Gold:   160        SH:  0    Dex: 14    Spells: 2/8 levels left

rFire   . . .      SeeInvis .   m - +1 dagger (drain)
rCold   . . .      Faith    .   (no shield)
rNeg    . . .      Spirit   .   (armour currently unavailable)
rPois   +          Reflect  .   (helmet currently unavailable)
rElec   .          Harm     .   (cloak currently unavailable)
rCorr   .          Rampage  .   (gloves currently unavailable)
Will    .....      NoTele   +   (boots currently unavailable)
Stlth   +.........              (no amulet)
HPRegen 0.18/turn               (no ring)
MPRegen 0.11/turn               (no ring)

@: brilliant, lethally poisoned (0 -> -5), tree-form, attractive, very slightly
contaminated
A: stationary, stasis, torment immunity, boosted hp, (nimble swimmer 2),
(mertail)
a: no special abilities


You were on level 5 of the Dungeon.
You were a tree.
You visited 1 branch of the dungeon, and saw 5 of its levels.

You collected 160 gold pieces.

Inventory:

Hand Weapons
 m - a +1 dagger of draining (weapon)
Missiles
 i - a throwing net
Armour
 a - a +0 robe (melded)
Jewellery
 d - a ring of protection from cold
 e - an amulet of the acrobat
 s - an amulet of regeneration
 t - a ring of resist corrosion
Wands
 o - a wand of polymorph (9)
Scrolls
 c - a scroll of enchant weapon {unknown}
 f - a scroll of identify {unknown}
 g - 3 scrolls of magic mapping {unknown}
 h - a scroll of vulnerability {unknown}
 k - 2 scrolls of noise {unknown}
 l - 2 scrolls of teleportation {unknown}
 n - a scroll of summoning {unknown}
 r - a scroll of holy word {unknown}
 u - a scroll of immolation {unknown}


   Skills:
 - Level 1.1 Fighting
 - Level 2.6 Dodging
 + Level 4.8 Unarmed Combat
 - Level 2.0 Spellcasting
 - Level 6.0 Transmutations


You had 2 spell levels left.
You knew the following spells:

 Your Spells              Type           Power      Damage    Failure   Level
a - Beastly Appendage     Tmut           58%        N/A       1%          1
b - Wereblood             Tmut           29%        N/A       2%          2
c - Spider Form           Tmut/Pois      15%        N/A       19%         3

Your spell library contained the following spells:

 Spells                   Type           Power      Damage    Failure   Level
 Sting                    Tmut/Pois      60%        1d6       6%          1
 Poisonous Vapours        Pois/Air       4%         N/A       32%         2
 Blade Hands              Tmut           14%        N/A       45%         5
 Ozocubu's Armour         Ice            2%         N/A       54%         3
 Portal Projectile        Hex/Tloc       4%         N/A       54%         3
 Ice Form                 Ice/Tmut       15%        N/A       54%         4
 Olgreb's Toxic Radiance  Pois           2%         N/A       91%         4
 Excruciating Wounds      Necr           1%         N/A       99%         5
 Ozocubu's Refrigeration  Ice            1%         4d5       100%        7


Dungeon Overview and Level Annotations

Branches:
Dungeon (5/15)
 Temple: D:4-7

Altars:
Okawaru
Vehumet
Xom


Innate Abilities, Weirdness & Mutations

You are a tree.
Your roots penetrate the ground, keeping you stationary.
You cannot be teleported.
You are immune to unholy pain and torment.
Your maximum health is greatly increased.
Your equipment is partially melded.
((You are very nimble when in or above water. (Stealth+, EV+, Speed+++)))
((Your lower body shifts to a powerful aquatic tail in water.))


Message History

The adder barely misses you.
Casting: Spider Form (quite dangerous; 19% risk of failure)
Confirm with . or Enter, or press ? or * to list all spells.
Okay, then.
Unknown command.
Casting: Spider Form (quite dangerous; 19% risk of failure)
Confirm with . or Enter, or press ? or * to list all spells.
The spell is quite dangerous to miscast (19% risk of failure)!
Continue anyway?
You turn into a venomous arachnid creature.
Your +1 dagger of draining melds into your body.
Your +0 robe melds into your body.
Your transformation is almost over.
The adder misses you. The adder bites you.
* * * LOW HITPOINT WARNING * * *
You are lethally poisoned!
The adder poisons you!
You hit the adder.
The adder is poisoned.
The adder is lightly wounded.
* * * LOW HITPOINT WARNING * * *
You feel very sick. The adder closely misses you.
It was a potion of lignification.
Your transformation has ended.
Your +1 dagger of draining unmelds from your body.
Your +0 robe unmelds from your body.
You sense an unholy aura.
You turn into a tree.
Your +0 robe melds into your body.
Your roots penetrate the ground.
* * * LOW HITPOINT WARNING * * *
You feel sick. The adder bites you but does no damage.
It was a potion of brilliance.
You feel clever all of a sudden.
* * * LOW HITPOINT WARNING * * *
You feel sick.
The adder bites you but does no damage. x2
It was a potion of attraction.
You feel attractive to monsters.
* * * LOW HITPOINT WARNING * * *
You feel sick. The adder bites you but does no damage.
You closely miss the adder.
The adder is heavily wounded.
You die...

... #..#####+##.# #.#.#
#.##.. ... #..####.....#
#.#.# #.##.. ..#
#....##.....# #.#.# #.##.. .
#...........# #.#.# #.#
.#..#.#.#.##.#####.#|# #.#
#..<..............#.#.###.#
....#.###..###.###.#.......#
###...# #..# #S# #.#.#######
#...# #..# #♣###.#.# #..>#
#..# #.......# ## #..#
#.#####.# #..# #.# #.# #...
... #.# #.## #.# #.# #.# #.#
#.# #.# ..#


You could see an adder (very poisoned).

Vanquished Creatures
  Terence (D:2)
  An orc wizard (D:4)
  Robin (D:2)
  2 adders
  An ufetubus (D:5)
  A worm (D:2)
  6 orcs (D:4)
  5 ball pythons
  3 endoplasms (D:2)
  13 goblins
  7 hobgoblins
  6 jackals
  6 kobolds
  3 quokkas
  7 bats
  5 frilled lizards
  8 rats
76 creatures vanquished.

Notes
Turn   | Place    | Note
-------+----------+-------------------------------------------
     0 | D:1      | Bruhh the Merfolk Transmuter began the quest for the Orb.
     0 | D:1      | Reached XP level 1. HP: 15/15 MP: 3/3
    53 | D:1      | Reached skill level 3 in Transmutations
   311 | D:1      | Reached XP level 2. HP: 17/21 MP: 3/5
   433 | D:1      | Found a faded altar of an unknown god.
   467 | D:1      | Reached skill level 4 in Transmutations
  1012 | D:1      | Reached XP level 3. HP: 20/26 MP: 4/6
  1354 | D:2      | Reached skill level 5 in Transmutations
  1517 | D:2      | Noticed Robin
  1776 | D:2      | Reached XP level 4. HP: 24/31 MP: 7/7
  2234 | D:1      | Learned a level 2 spell: Wereblood
  2238 | D:1      | Learned a level 3 spell: Spider Form
  2409 | D:2      | Killed Robin
  2560 | D:2      | Noticed Terence
  2570 | D:2      | Killed Terence
  2571 | D:2      | Reached skill level 6 in Transmutations
  2829 | D:2      | Reached XP level 5. HP: 35/37 MP: 4/8
  3299 | D:4      | Found a shimmering altar of Xom.
  3299 | D:4      | Found an iron altar of Okawaru.
  3299 | D:4      | Found a radiant altar of Vehumet.
  4190 | D:5      | Entered Level 5 of the Dungeon
  4336 | D:5      | HP: 1/55 [poisoned by an adder]
  4337 | D:5      | Succumbed to an adder's poison

Illustrated notes

Levels and vault maps discovered:
D:1:      minmay_arrival_semitransparent, layout_loops_ring, serial_forest,
          infiniplex_forest_3_way, infiniplex_forest_lined_2,
          infiniplex_forest_straight_2, infiniplex_forest_lined_3,
          infiniplex_forest_lined_4_way,
          hellmonk_ecumenical_altar_inner_sanctum,
          chequers_serial_rivers_large_a
D:2:      layout_basic, uniq_robin, uniq_terence
D:3:      layout_basic, mainiacjoe_overflow_paths
D:4:      layout_cave_pods, gammafunk_temple_overflow_claw, serial_glass,
          glass_columns_a, glass_columns_c, glass_columns_b, glass_columns_a,
          glass_columns_a, glass_columns_a
D:5:      layout_basic, mainiacjoe_overflow_chevrons, enter_ossuary_3

Skill      XL: |  1  2  3  4 |
---------------+-------------+-----
Transmutations | 3 4 5 6 |  6.0
Unarmed Combat | 4 |  4.8
Fighting       | |  1.1
Dodging        | |  2.6
Spellcasting   | |  2.0

Action                   |  1- 3 |  4- 6 || total
-------------------------+-------+-------++-------
Melee: Unarmed           |   109 |    51 ||   160
       Headbutt          |    17 |       ||    17
       Punch             |     5 |     1 ||     6
       Dagger            |     9 |    34 ||    43
 Cast: Beastly Appendage |    22 |       ||    22
       Spider Form       |       |    10 ||    10
  Use: Potion            |       |     4 ||     4
 Stab: Sleeping          |       |     1 ||     1
Armor: Robe              |    15 |     8 ||    23
       Skin              |       |     7 ||     7
Dodge: Dodged            |    75 |    69 ||   144
